 Dungeon Crawl Stone Soup version 0.22-a0-423-g4197694 (webtiles) character file.

47 Veiltonx the Grave Robber (level 3, -2/26 HPs)
             Began as a Demonspawn Necromancer on May 23, 2018.
             Slain by a worm (7 damage)
             ... on level 2 of the Dungeon.
             The game lasted 00:03:56 (1030 turns).

Veiltonx the Grave Robber (Demonspawn Necromancer)  Turns: 1030, Time: 00:03:57

Health: -2/26      AC:  4    Str:  8    XL:     3   Next: 48%
Magic:  0/6        EV: 12    Int: 20    God:
Gold:   68         SH:  0    Dex: 13    Spells: 6/7 levels left

rFire    . . .     SeeInvis .   e - +0 whip
rCold    . . .     Gourm    .   (no shield)
rNeg     . . .     Faith    .   a - +0 robe
rPois    .         Spirit   .   (helmet restricted)
rElec    .         Reflect  .   (no cloak)
rCorr    .         Harm     .   (no gloves)
MR       .....                  (no boots)
Stlth    ++........             (no amulet)
HPRegen  0.08/turn              i - +3 ring of intelligence
MPRegen  0.10/turn              (no ring)

@: no status effects
A: horns 1, thin metallic scales 1
a: no special abilities


You were on level 2 of the Dungeon.
You were hungry.

You visited 1 branch of the dungeon, and saw 2 of its levels.

You collected 68 gold pieces.

Inventory:

Hand Weapons
 e - a +0 whip (weapon)
Missiles
 d - 72 stones (quivered)
Armour
 a - a +0 robe (worn)
Jewellery
 i - a +3 ring of intelligence (left hand)
Scrolls
 b - a scroll of teleportation {unknown}
 g - a scroll of identify {unknown}
 j - a scroll of fog {unknown}
Potions
 h - a potion of haste {unknown}
Comestibles
 c - 3 rations
 f - 3 chunks of flesh


   Skills:
 + Level 1.1 Fighting
 + Level 0.6 Armour
 - Level 2.0 Dodging
 - Level 2.0 Stealth
 + Level 2.5 Spellcasting
 + Level 4.8 Necromancy


You had 6 spell levels left.
You knew the following spells:

 Your Spells              Type           Power        Failure   Level  Hunger
a - Pain                  Necr           ###.         1%          1    None

Your spell library contained the following spells:

 Spells                   Type           Power        Failure   Level  Hunger
 Animate Dead             Necr           N/A          21%         4    ####...
 Animate Skeleton         Necr           N/A          1%          1    None
 Vampiric Draining        Necr           ###.......   6%          3    ###....
 Regeneration             Chrm/Necr      ##........   17%         3    ###....


Dungeon Overview and Level Annotations

Branches:
Dungeon (2/15)

Altars:


Innate Abilities, Weirdness & Mutations

You have a pair of small horns on your head.
You are partially covered in thin metallic scales. (AC +2)


Message History

The worm is moderately wounded.
The worm bites you.
Casting: Pain (safe; 1% risk of failure)
Confirm with . or Enter, or press ? or * to list all spells.
Aiming: Pain (safe; 1% risk of failure)
Press: ? - help, Shift-Dir - straight line, f/p - worm
Aim: a worm (lightly wounded, chance to defeat MR: 86%)
The worm writhes in agony!
The worm bites you but does no damage.
You hit the worm. Your headbutt misses the worm.
The worm is heavily wounded.
You hit the worm.
The worm is heavily wounded.
The worm bites you.
* * * LOW HITPOINT WARNING * * *
You barely miss the worm.
The worm is heavily wounded.
You hit the worm. Your headbutt misses the worm.
The worm is severely wounded.
The worm bites you!
You die...

#..w'......#
#...?###......#
..#
###.......#######
#.)..†...........
#.#.#....<#.####
#.#.#######.#
#.#.........#
#.########..#####
#>.....w@........
#########...#####
#...# #...# #...#
#...# #...# #...#


You could see a worm.

Vanquished Creatures
  3 adders (D:2)
  An ooze (D:1)
  7 bats
  A giant cockroach (D:1)
  A goblin (D:1)
  2 hobgoblins
  2 kobolds (D:1)
  2 rats (D:1)
19 creatures vanquished.

Vanquished Creatures (others)
  4 toadstools (D:1)
4 creatures vanquished.

Grand Total: 23 creatures vanquished

Notes
Turn   | Place    | Note
-------+----------+-------------------------------------------
     0 | D:1      | Veiltonx the Demonspawn Necromancer began the quest for the Orb.
     0 | D:1      | Reached XP level 1. HP: 13/13 MP: 3/3
   311 | D:1      | Gained mutation: You have a pair of small horns on your head. [demonic ancestry]
   311 | D:1      | Reached XP level 2. HP: 9/19 MP: 0/5
   989 | D:2      | Gained mutation: You are partially covered in thin metallic scales. (AC +2) [demonic ancestry]
   989 | D:2      | Reached XP level 3. HP: 22/25 MP: 2/6
   997 | D:2      | Reached skill level 1 in Fighting
  1030 | D:2      | Slain by a worm

Vault maps used:
D:1:      ldierk_walled_garden_2
D:2:      first_ration, minmay_pentomino_t4

Skill      XL: |  1  2  3 |
---------------+----------+-----
Dodging        | 2 |  2.0
Stealth        | 2 |  2.0
Fighting       | 1 |  1.1
Armour         | |  0.6
Spellcasting   | |  2.5
Necromancy     | |  4.8

Action                   || total
-------------------------++-------
Melee: Unarmed           ||     7
       Whip              ||    27
       Headbutt          ||     4
Throw: Stone             ||    26
 Cast: Pain              ||    27
 Stab: Sleeping          ||     1
Armor: Robe              ||    12
Dodge: Dodged            ||    46

Table legend:
 A = Spawn XP
 B = Non-spawn XP
 C = Spawn XP percentage of total XP
 D = Spawn monster count
 E = Non-spawn monster count
 F = Spawn count percentage of total count
 G = Total turns spent on level
                    A         B        C        D         E        F      G
               +---------+---------+-------+---------+---------+-------+---------
         Total |       0 |      68 |   0.0 |       0 |      19 |   0.0 |  1030
               +---------+---------+-------+---------+---------+-------+---------
           D:1 |       0 |      26 |   0.0 |       0 |      14 |   0.0 |   968
           D:2 |       0 |      42 |   0.0 |       0 |       5 |   0.0 |    62
               +---------+---------+-------+---------+---------+-------+---------
